 Dungeon Crawl Stone Soup version 0.30-a0-557-ge2afbf3030 (webtiles) character file.

Game seed: 2873616544466096376

986 bmack86 the Chopper (level 7, 0/63 HPs)
             Began as a Minotaur Fighter on Dec 27, 2022.
             Was a Follower of Okawaru.
             Slain by a steam dragon (8 damage)
             ... on level 5 of the Dungeon.
             The game lasted 00:12:47 (4769 turns).

bmack86 the Chopper (Minotaur Fighter)              Turns: 4769, Time: 00:12:48

Health: 0/63       AC: 16    Str: 22    XL:     7   Next: 97%
Magic:  4/6        EV:  8    Int:  5    God:    Okawaru [*.....]
Gold:   226        SH:  6    Dex: 10    Spells: 6/6 levels left

rFire   . . .      SeeInvis .    a - +0 war axe
rCold   . . .      Faith    .    c - +0 buckler
rNeg    + . .      Spirit   .    k - +0 plate armour
rPois   .          Reflect  .    (helmet restricted)
rElec   .          Harm     .    (no cloak)
rCorr   .          Rampage  .    s - +0 pair of gloves
Will    .....                    v - +2 pair of boots Stlth
                                 (no amulet)
HPRegen 0.30/turn                b - ring of positive energy
MPRegen 0.10/turn                A - +4 ring of protection

@: heroic, corroded
A: horns 2, retaliatory headbutt
a: Renounce Religion, Heroism


You were on level 5 of the Dungeon.
You worshipped Okawaru.
Okawaru was aware of your devotion.
You visited 2 branches of the dungeon, and saw 6 of its levels.

You collected 226 gold pieces.

Inventory:

Hand Weapons
 a - a +0 war axe (weapon)
 y - a +0 battleaxe
Missiles
 g - 4 datura-tipped darts
 u - 5 poisoned darts (quivered)
 B - 3 javelins
Armour
 c - a +0 buckler (worn)
 k - a +0 plate armour (worn)
 s - a +0 pair of gloves (worn)
 v - a +2 pair of boots (worn)
Jewellery
 b - a ring of positive energy (left hand)
 A - a +4 ring of protection (right hand)
Wands
 m - a wand of acid (20)
 r - a wand of charming (9)
Scrolls
 i - a scroll of immolation
 j - 2 scrolls of magic mapping
 n - a scroll of poison
 q - a scroll of teleportation
 x - a scroll of torment {unknown}
 z - a scroll of summoning {unknown}
Potions
 d - 3 potions of might
 e - 2 potions of heal wounds
 f - 2 potions of invisibility {unknown}
 h - 3 potions of magic
 l - a potion of attraction
 o - 4 potions of degeneration
 p - 5 potions of curing
 t - a potion of brilliance {unknown}
 w - a potion of mutation {unknown}


   Skills:
 + Level 6.1(11.1) Fighting
 * Level 7.3(12.3) Axes
 + Level 6.1(11.1) Armour
 + Level 6.1(11.1) Shields


You had 6 spell levels left.
You didn't know any spells.
Your spell library contained the following spells:

 Spells                   Type           Power      Damage    Failure   Level
 Freeze                   Ice            0%         1d3       100%        1
 Ensorcelled Hibernation  Hex/Ice        0%         N/A       100%        2
 Frozen Ramparts          Ice            0%         1d1       100%        3
 Hailstorm                Conj/Ice       0%         3d3       100%        3
 Spider Form              Tmut/Pois      0%         N/A       100%        3
 Anguish                  Hex/Necr       0%         N/A       100%        4
 Summon Small Mammal      Summ           Unusable   N/A       N/A         1
 Call Canine Familiar     Summ           Unusable   N/A       N/A         3
 Summon Guardian Golem    Hex/Summ       Unusable   N/A       N/A         3

Dungeon Overview and Level Annotations

Branches:
Dungeon (5/15)             Temple (1/1) D:4

Altars:
Dithmenos
Elyvilon
Gozag
Hepliaklqana
Kikubaaqudgha
Makhleb
Nemelex Xobeh
Okawaru
Ru
Sif Muna
Uskayaw
Yredelemnul
The Shining One

Shops:
D:2 (

Annotations:
D:5 1 transporter


Innate Abilities, Weirdness & Mutations

You have a pair of horns on your head.
You reflexively headbutt those who attack you in melee.


Message History

The troll claws you but does no damage. x2
The steam dragon breathes steam at you. The ball of steam hits you.
You hit the steam dragon but do no damage.
The steam dragon is lightly wounded.
You hit the acid dragon but do no damage.
You closely miss the howler monkey. You barely miss the troll.
You are engulfed in a cloud of scalding steam.
The howler monkey is engulfed in a cloud of scalding steam.
The howler monkey dies!
The acid dragon spits acid at you. The splash of acid hits you.
The acid corrodes you!
The jelly is engulfed in a cloud of scalding steam.
The troll closely misses you. You furiously retaliate!
You headbutt the troll! The troll barely misses you.
You block the troll's attack. The steam dragon bites you.
The steam dragon claws you but does no damage.
Your base Armour skill increases to level 6!
You hit the steam dragon but do no damage.
The steam dragon is lightly wounded.
You closely miss the troll. You completely miss the acid dragon.
The troll barely misses you. You furiously retaliate!
You headbutt the troll. You block the troll's attack.
The troll closely misses you.
The acid dragon is engulfed in a cloud of scalding steam.
The acid dragon dies!
The steam dragon closely misses you. You furiously retaliate!
You headbutt the steam dragon. You block the steam dragon's attack.
You closely miss the steam dragon.
The steam dragon is moderately wounded.
You closely miss the troll. You hit the jelly.
Your hands burn!
* * * LOW HITPOINT WARNING * * *
You barely miss the steam dragon.
The steam dragon is moderately wounded.
You hit the troll but do no damage. You hit the jelly.
Your hands burn!
* * * LOW HITPOINT WARNING * * *
The troll bites you!
* * * LOW HITPOINT WARNING * * *
You block the troll's attack. The troll claws you but does no damage.
The steam dragon bites you!
You die...

#.##..............#
#####.##...)))....###.#
##.................# #.###
#..#########.......###....
#.##.......##.##..........
#.#8.#...#.8#.##..........
##.#$$.#.#...#.##..........
##..#$)§§§§...#.............
#..©#_$..§J@D.#©............
#...#.§.....T.#..########...
#...#$=.#.#...#.## ###.
##..#8.#...#.8#.# #.
#..##...©?..##.# #.
#...#########..# #.
#.............######## #.
##.####.......#......# #.
#..###.......#......#####.


You could see a troll, a steam dragon (catching breath) and a jelly.

Vanquished Creatures
  Sigmund (D:4)
  A phantom (D:4)
  3 howler monkeys
  6 hounds
  A jelly (D:5)
  Natasha (twice) (D:3)
  3 iguanas
  An orc wizard (D:4)
  3 gnolls (D:4)
  3 adders
  2 worms
  2 dart slugs
  18 orcs
  6 bats
  8 endoplasms
  2 giant cockroaches
  7 goblins
  5 hobgoblins
  5 jackals (D:2)
  7 kobolds
  2 quokkas
  6 ball pythons
  4 frilled lizards
  4 rats
102 creatures vanquished.

Vanquished Creatures (others)
  An acid dragon (D:5)
  A howler monkey (D:5)
2 creatures vanquished.

Grand Total: 104 creatures vanquished

Notes
Turn   | Place    | Note
-------+----------+-------------------------------------------
     0 | D:1      | bmack86 the Minotaur Fighter began the quest for the Orb.
     0 | D:1      | Reached XP level 1. HP: 19/19 MP: 0/0
    92 | D:1      | Reached XP level 2. HP: 25/27 MP: 1/1
   148 | D:1      | Found a faded altar of an unknown god.
   155 | D:1      | Reached skill level 3 in Axes
   371 | D:1      | Reached XP level 3. HP: 31/33 MP: 2/2
   876 | D:2      | Found Tuar's Antique Weapon Emporium.
  1545 | D:3      | Identified the +4 whip "Yqihe" {vamp, Int+4}
  1552 | D:3      | Reached XP level 4. HP: 40/40 MP: 3/3
  1613 | D:3      | Noticed Natasha
  1625 | D:3      | Killed Natasha
  1626 | D:3      | Reached skill level 4 in Axes
  1920 | D:3      | Noticed Natasha
  1921 | D:3      | Killed Natasha
  2494 | D:4      | Reached XP level 5. HP: 30/47 MP: 4/4
  2817 | D:4      | Reached skill level 5 in Axes
  2817 | D:4      | Reached XP level 6. HP: 55/55 MP: 5/5
  2975 | D:4      | Reached skill level 5 in Fighting
  3188 | D:4      | Reached skill level 5 in Shields
  3204 | D:4      | Noticed Sigmund
  3224 | D:4      | Killed Sigmund
  3225 | D:4      | Reached skill level 5 in Armour
  3308 | D:4      | Found a staircase to the Ecumenical Temple.
  3320 | Temple   | Entered the Ecumenical Temple
  3533 | Temple   | Became a worshipper of Warmaster Okawaru
  3692 | D:4      | Reached skill level 6 in Axes
  3692 | D:4      | Reached XP level 7. HP: 61/61 MP: 6/6
  3884 | D:5      | Entered Level 5 of the Dungeon
  3887 | D:5      | Noticed a troll
  3887 | D:5      | Noticed a steam dragon
  3890 | D:5      | Found a transporter.
  4022 | D:5      | Found an ancient bone altar of Kikubaaqudgha.
  4048 | D:5      | Found a hide-covered altar of Uskayaw.
  4069 | D:5      | Reached * piety under Okawaru
  4113 | D:5      | Found a transporter.
  4126 | D:5      | Found a shimmering blue altar of Sif Muna.
  4417 | D:5      | Reached skill level 7 in Axes
  4769 | D:5      | Slain by a steam dragon

Illustrated notes

Levels and vault maps discovered:
D:1:      eino_arrival_cavern_a, layout_basic,
          shapermc_ecumenical_altar_mp_highgroup
D:2:      layout_loops_ring, serial_shops, shop
D:3:      layout_loops_corners, uniq_natasha
D:4:      layout_loops_cross, minmay_temple_entry_enclosed_plants, uniq_sigmund
D:5:      layout_basic, mainiacjoe_overflow_alcove_2,
          gammafunk_temple_overflow_arena, kiku_gazebo_pond_becter
Temple:   minmay_temple_curvy_branch

Skill      XL: |  1  2  3  4  5  6  7 |
---------------+----------------------+-----
Axes           | 3 4 5 6 7 |  7.3
Fighting       | 4 5 6 |  6.1
Armour         | 4 5 6 |  6.1
Shields        | 4 5 6 |  6.1

Action                   |  1- 3 |  4- 6 |  7- 9 || total
-------------------------+-------+-------+-------++-------
Melee: War axe           |    84 |   131 |    38 ||   253
       Headbutt          |     9 |    16 |     5 ||    30
Throw: Dart              |       |     6 |       ||     6
Invok: Heroism           |       |       |     1 ||     1
  Use: Scroll            |     7 |     1 |     2 ||    10
Armor: Scale mail        |    32 |       |       ||    32
       Plate armour      |    25 |    80 |    35 ||   140
Dodge: Dodged            |    44 |    42 |    21 ||   107
Block: Buckler           |    29 |    28 |    17 ||    74

Table legend: (Time is in decaauts)
 A = Elapsed time spent in this place.
 B = Non-inter-level travel time spent in this place.
 C = Inter-level travel time spent in this place.
 D = Time resting spent in this place.
 E = Time spent auto-exploring this place.
 F = Levels seen in this place.
 G = Mean time per level.
                   A        B        C        D        E       F      G
               +--------+--------+--------+--------+--------+-----+--------+
         Total |   4850 |   4720 |    130 |    358 |   2715 |   6 |  808.3 |
       Dungeon |   4601 |   4471 |    130 |    358 |   2715 |   5 |  920.2 |
        Temple |    248 |    248 |      0 |      0 |      0 |   1 |  248.0 |
               +--------+--------+--------+--------+--------+-----+--------+

Top non-repeatable levels by time:
     D:4: 1187 daAuts
     D:3: 1035 daAuts
     D:5: 890 daAuts
     D:1: 754 daAuts
     D:2: 734 daAuts
  Temple: 248 daAuts
